 Dungeon Crawl Stone Soup version 0.29.0-4-gdea44cf6ec (webtiles) character file.

Game seed: 10770256583462826321

8178 qw the Severer (level 11, -4/97 HPs)
             Began as a Minotaur Fighter on Sept 6, 2022.
             Was an Initiate of Ru.
             Slain by a wraith (5 damage)
             ... on level 9 of the Dungeon.
             The game lasted 00:03:36 (9994 turns).

qw the Severer (Minotaur Fighter)                   Turns: 9994, Time: 00:03:37

Health: -4/97      AC: 29    Str: 24    XL:     11   Next: 6%
Magic:  8/8        EV:  8    Int:  4    God:    Ru [......]
Gold:   639        SH:  5    Dex: 14    Spells: 10/10 levels left

rFire   + . .      SeeInvis +   Y - +7 war axe
rCold   + . .      Faith    .   c - +0 buckler
rNeg    . . .      Spirit   .   j - +9 plate armour of Summertime {rC+ SInv Stlth+}
rPois   .          Reflect  .   (helmet restricted)
rElec   .          Harm     .   m - +2 cloak
rCorr   +          Rampage  .   q - +0 pair of gloves
Will    .....                   o - +0 pair of boots
Stlth   ..........              (no amulet)
HPRegen 0.26/turn               b - ring of resist corrosion
MPRegen 0.11/turn               f - ring of protection from fire

@: lethally poisoned (-4 -> -15), about to teleport, slowed, very slow
A: horns 2, retaliatory headbutt, agile 1, low MP 1, noise suppression
a: Renounce Religion


You were on level 9 of the Dungeon.
You worshipped Ru.
Ru was noncommittal.
You visited 2 branches of the dungeon, and saw 11 of its levels.

You collected 639 gold pieces.


Innate Abilities, Weirdness & Mutations

You have a pair of horns on your head.
You reflexively headbutt those who attack you in melee.
You are agile. (Dex +4, Str/Int -1)
Your magical capacity is low. (-10% MP)
You passively dampen the noise of your surroundings.


   Skills:
 - Level 9.1 Fighting
 + Level 15.5 Axes
 - Level 2.0 Throwing
 - Level 9.0 Armour
 - Level 3.4 Dodging
 - Level 5.3 Shields


You had 10 spell levels left.
You didn't know any spells.
Your spell library was empty.

Inventory:

Hand Weapons
 u - a +4 morningstar
 Y - a +7 war axe (weapon)
Armour
 c - a +0 buckler (worn)
 j - the +9 plate armour of Summertime (worn) {rC+ SInv Stlth+}
   (You found it on level 5 of the Dungeon)

   rC:        It protects you from cold.
   SInv:      It lets you see invisible.
   Stlth:     It makes you more stealthy.
 m - a +2 cloak (worn)
 o - a +0 pair of boots (worn)
 q - a +0 pair of gloves (worn)
Jewellery
 b - a ring of resist corrosion (left hand)
 f - a ring of protection from fire (right hand)
 s - a ring of fire
Scrolls
 g - a scroll of identify
 r - 3 scrolls of teleportation
Potions
 a - a potion of resistance
 d - 3 potions of might
 e - 4 potions of heal wounds
 i - 2 potions of curing
 k - a potion of haste
 n - a potion of mutation
 p - a potion of cancellation {unknown}

Dungeon Overview and Level Annotations

Branches:
Dungeon (10/15)            Temple (1/1) D:5
   Lair: D:8-11         Orc: D:9-12

Altars:
Ashenzari
Cheibriados
Dithmenos
Elyvilon
Fedhas
Gozag
Hepliaklqana
Kikubaaqudgha
Makhleb
Nemelex Xobeh
Okawaru
Qazlal
Ru
Sif Muna
Trog
Uskayaw
Vehumet
Wu Jian
Xom
Yredelemnul
Zin
The Shining One

Annotations:
D:10 Sonja


Message History

You block the yak's attack. The yak gores you but does no damage.
You slice the yak!! Your headbutt misses the yak.
The yak is almost dead.
You slash the wraith! You barely miss the yak. You miss Sonja.
You feel extremely sick. Sonja misses you.
Sonja hits you with a +0 dagger of venom.
You are more poisoned.
Sonja completely misses you. The wraith hits you but does no damage.
The yak gores you but does no damage. The yak gores you.
You barely miss the yak.
The yak is almost dead.
You hit the yak. You miss Sonja. You hit the wraith.
You feel extremely sick. Sonja hits you but does no damage.
You block Sonja's attack. Sonja hits you but does no damage.
You are more poisoned.
The wraith hits you! The wraith drains your vigour!
You feel yourself slow down. The yak gores you.
The yak gores you but does no damage.
You slice the yak!!
You kill the yak!
You hit the wraith but do no damage. You slash the yak! You slash Sonja!
You feel extremely sick. You block Sonja's attack. Sonja closely misses you.
Sonja barely misses you.
Sonja gestures wildly while chanting.
Sonja blinks!
The wraith hits you. The yak closely misses you.
9992 ||| STAIRDANCE You feel extremely sick.
The wraith hits you but does no damage. You block the yak's attack.
Sonja shouts, "Too slow!"
You climb upwards.
You feel extremely sick.
There is a stone staircase leading down, spattered with blood here.
9994 ||| READING 4 scrolls of teleportation.
As you read the scroll of teleportation, it crumbles to dust.
You feel strangely unstable.
You feel very sick. The yak closely misses you. The wraith hits you.
You block the yak's attack. The wraith hits you.
You die...

################# #
#...............#########
###.######....##.#.......#
#...# #....##.#../.....
#...######................
#...+..#............##....
#...##..............+.....
#...##..Y[[#+#+#....##....
#...##...@W...............
#...###.[....#.#.......##.
#.......#..###........###.
###.....+..#..............
#.....#....#......#..##.
#.....#......#....##...%
#..........#......##..#.
##.........#......##..#.
#......................


You could see a yak and a wraith.

Vanquished Creatures
  A two-headed ogre (D:8)
  2 wyverns
  23 yaks
  3 steam dragons
  Menkaure (D:5)
  2 black bears
  2 water moccasins
  An orc warrior (D:8)
  2 ogres
  3 centaurs
  2 kobold brigands
  3 bullfrogs
  3 necrophages
  A scorpion (D:5)
  16 wights
  11 killer bees
  2 howler monkeys
  3 hounds
  4 jellies
  An orc priest (D:6)
  Jessica (D:3)
  3 iguanas
  3 orc wizards
  Terence (D:3)
  6 adders
  2 river rats (D:3)
  3 white imps
  9 worms
  2 dart slugs (D:1)
  14 orcs
  6 endoplasms
  4 giant cockroaches
  7 goblins
  10 hobgoblins
  11 jackals
  A quokka (D:4)
  10 ball pythons
  7 bats
  5 frilled lizards
  23 kobolds
  8 rats
222 creatures vanquished.

Notes
Turn   | Place    | Note
-------+----------+-------------------------------------------
     0 | D:1      | qw the Minotaur Fighter began the quest for the Orb.
     0 | D:1      | Reached XP level 1. HP: 19/19 MP: 0/0
     0 | D:1      | 0 ||| qw: Version: 0.1-a-107-g9ff403c
     0 | D:1      | 0 ||| qw: Game counter: 6149
     0 | D:1      | 0 ||| qw: Always use a shield: true
     0 | D:1      | 0 ||| qw: God list: Ru
     0 | D:1      | 0 ||| qw: Allow faded altars: false
     0 | D:1      | 0 ||| qw: Do Orc after D:15 true
     0 | D:1      | 0 ||| qw: Do second Lair branch before Depths: true
     0 | D:1      | 0 ||| qw: Lair rune preference: random
     0 | D:1      | 0 ||| qw: Plans: Normal
     0 | D:1      | 0 ||| PLANNING D:1-11
    71 | D:1      | 71 ||| Stepping ~*~*~tactically~*~*~ (hiding).
    82 | D:1      | Reached skill level 3 in Axes
    88 | D:1      | 88 ||| Stepping ~*~*~tactically~*~*~ (stealth).
   105 | D:1      | 105 ||| Stepping ~*~*~tactically~*~*~ (stealth).
   110 | D:1      | Reached XP level 2. HP: 25/26 MP: 1/1
   189 | D:1      | 189 ||| Stepping ~*~*~tactically~*~*~ (stealth).
   215 | D:1      | 215 ||| Stepping ~*~*~tactically~*~*~ (stealth).
   216 | D:1      | 216 ||| Stepping ~*~*~tactically~*~*~ (stealth).
   307 | D:1      | 307 ||| Stepping ~*~*~tactically~*~*~ (stealth).
   347 | D:1      | Reached skill level 4 in Axes
   474 | D:1      | 474 ||| SWAPPING to +4 war axe.
   475 | D:1      | 475 ||| DROPPING +0 war axe.
   691 | D:1      | 691 ||| Stepping ~*~*~tactically~*~*~ (hiding).
   751 | D:1      | Reached XP level 3. HP: 27/31 MP: 2/2
   767 | D:1      | 767 ||| Stepping ~*~*~tactically~*~*~ (stealth).
   958 | D:1      | 958 ||| UPGRADING to +0 cloak.
   963 | D:1      | 963 ||| READING scroll labelled QOOSKYMUEC.
   964 | D:1      | 964 ||| Stepping ~*~*~tactically~*~*~ (stealth).
  1065 | D:1      | 1065 ||| READING scroll labelled LERIJO FABRAU.
  1066 | D:1      | 1066 ||| READING 2 scrolls labelled ZARPHO KOCRIACUG.
  1067 | D:1      | 1067 ||| READING scroll of enchant armour.
  1067 | D:1      | 1067 ||| ENCHANTING +0 cloak.
  1068 | D:1      | 1068 ||| READING scroll labelled OGORIYWASUY.
  1069 | D:1      | 1069 ||| DRINKING 2 fizzy pink potions.
  1070 | D:1      | 1070 ||| DROPPING potion of degeneration.
  1093 | D:2      | 1093 ||| Stepping ~*~*~tactically~*~*~ (stealth).
  1105 | D:2      | 1105 ||| Stepping ~*~*~tactically~*~*~ (stealth).
  1107 | D:2      | 1107 ||| Stepping ~*~*~tactically~*~*~ (stealth).
  1229 | D:2      | Found a white marble altar of Elyvilon.
  1250 | D:2      | Reached skill level 5 in Axes
  1261 | D:2      | 1261 ||| FLEEEEING.
  1262 | D:2      | 1262 ||| FLEEEEING.
  1263 | D:2      | 1263 ||| FLEEEEING.
  1264 | D:2      | 1264 ||| STAIRDANCE
  1347 | D:1      | 1347 ||| READING scroll labelled ZYGYORETSA.
  1348 | D:1      | 1348 ||| READING scroll labelled NAILISTRACW.
  1376 | D:2      | Reached XP level 4. HP: 39/39 MP: 3/3
  1376 | D:2      | 1376 ||| Stepping ~*~*~tactically~*~*~ (stealth).
  1422 | D:2      | 1422 ||| DROPPING +0 club.
  1625 | D:2      | 1625 ||| Stepping ~*~*~tactically~*~*~ (stealth).
  1764 | D:2      | Reached skill level 1 in Dodging
  1956 | D:2      | 1956 ||| DROPPING ring of wizardry.
  1957 | D:2      | 1957 ||| READING scroll labelled WYCZUL AROM.
  1968 | D:3      | 1968 ||| PLANNING SEWER
  1984 | D:3      | 1984 ||| Stepping ~*~*~tactically~*~*~ (stealth).
  1985 | D:3      | 1985 ||| Stepping ~*~*~tactically~*~*~ (stealth).
  2022 | D:3      | Reached skill level 6 in Axes
  2166 | D:3      | Noticed Jessica
  2173 | D:3      | Killed Jessica
  2174 | D:3      | Reached XP level 5. HP: 43/45 MP: 4/4
  2635 | D:3      | 2635 ||| RIP SEWER
  2636 | D:3      | 2636 ||| PLANNING D:1-11
  2749 | D:3      | Noticed Terence
  2752 | D:3      | Killed Terence
  2764 | D:3      | 2764 ||| READING scroll of enchant armour.
  2764 | D:3      | 2764 ||| ENCHANTING +1 cloak.
  2789 | D:3      | 2789 ||| Stepping ~*~*~tactically~*~*~ (stealth).
  2794 | D:3      | 2794 ||| Stepping ~*~*~tactically~*~*~ (stealth).
  2815 | D:3      | Reached skill level 7 in Axes
  3007 | D:3      | 3007 ||| UPGRADING to +0 chain mail.
  3017 | D:3      | 3017 ||| DROPPING +0 scale mail.
  3018 | D:3      | 3018 ||| UPGRADING to +0 pair of gloves.
  3023 | D:3      | 3023 ||| READING scroll labelled QAORUD OTHICAENGES.
  3024 | D:3      | 3024 ||| DRINKING 3 pink potions.
  3047 | D:4      | 3047 ||| DROPPING +0 whip of electrocution.
  3309 | D:4      | Noticed a steam dragon
  3310 | D:4      | 3310 ||| Stepping ~*~*~tactically~*~*~ (hiding).
  3317 | D:4      | Killed a steam dragon
  3318 | D:4      | Reached XP level 6. HP: 42/52 MP: 5/5
  3408 | D:4      | Reached skill level 8 in Axes
  3480 | D:4      | 3480 ||| Stepping ~*~*~tactically~*~*~ (stealth).
  3592 | D:4      | Reached XP level 7. HP: 59/59 MP: 6/6
  3610 | D:4      | 3610 ||| Stepping ~*~*~tactically~*~*~ (stealth).
  3612 | D:4      | 3612 ||| Stepping ~*~*~tactically~*~*~ (stealth).
  3811 | D:4      | Reached skill level 9 in Axes
  4161 | D:4      | 4161 ||| READING scroll labelled SITYES YGYLUA.
  4162 | D:4      | 4162 ||| READING scroll labelled ARPHIE GYSUIT.
  4306 | D:4      | 4306 ||| DRINKING 2 viscous orange potions.
  4307 | D:4      | 4307 ||| DROPPING potion of flight.
  4320 | D:5      | Entered Level 5 of the Dungeon
  4483 | D:5      | Noticed Menkaure
  4484 | D:5      | 4484 ||| Stepping ~*~*~tactically~*~*~ (hiding).
  4490 | D:5      | Killed Menkaure
  4491 | D:5      | Reached skill level 10 in Axes
  4599 | D:5      | 4599 ||| READING scroll of enchant weapon.
  4599 | D:5      | 4599 ||| ENCHANTING +5 war axe.
  4698 | D:5      | 4698 ||| Stepping ~*~*~tactically~*~*~ (stealth).
  4702 | D:5      | 4702 ||| Stepping ~*~*~tactically~*~*~ (stealth).
  4800 | D:5      | 4800 ||| Stepping ~*~*~tactically~*~*~ (stealth).
  5021 | D:5      | Identified the +9 plate armour of Summertime {rC+ SInv
                  | Stlth+}
  5038 | D:5      | Found a staircase to the Ecumenical Temple.
  5039 | D:5      | 5039 ||| PLANNING TEMPLE
  5039 | D:5      | 5039 ||| UPGRADING to +9 plate armour of Summertime {rC+
                  | SInv Stlth+}.
  5049 | D:5      | 5049 ||| DROPPING +0 chain mail.
  5050 | D:5      | 5050 ||| UPGRADING to +0 pair of boots.
  5055 | D:5      | 5055 ||| DROPPING +1 ring mail of fire resistance.
  5056 | D:5      | 5056 ||| DROPPING ring of flight.
  5057 | D:5      | 5057 ||| DRINKING 2 grey potions.
  5066 | Temple   | Entered the Ecumenical Temple
  5278 | Temple   | 5278 ||| PLANNING D:1-11
  5521 | D:6      | 5521 ||| STAIRDANCE
  5525 | D:5      | Reached XP level 8. HP: 64/68 MP: 7/7
  5546 | D:6      | 5546 ||| STAIRDANCE
  5572 | D:6      | 5572 ||| Stepping ~*~*~tactically~*~*~ (hiding).
  5579 | D:6      | Reached skill level 6 in Fighting
  5643 | D:6      | 5643 ||| READING scroll of enchant weapon.
  5643 | D:6      | 5643 ||| ENCHANTING +6 war axe.
  5845 | D:6      | 5845 ||| Stepping ~*~*~tactically~*~*~ (hiding).
  5847 | D:6      | 5847 ||| Stepping ~*~*~tactically~*~*~ (hiding).
  5849 | D:6      | 5849 ||| Stepping ~*~*~tactically~*~*~ (hiding).
  5857 | D:6      | Reached skill level 11 in Axes
  5862 | D:6      | Reached skill level 6 in Armour
  5998 | D:6      | 5998 ||| DROPPING +0 flail.
  6025 | D:6      | 6025 ||| Stepping ~*~*~tactically~*~*~ (hiding).
  6191 | D:6      | 6191 ||| READING scroll labelled ILICYE CODO.
  6192 | D:6      | 6192 ||| READING 2 scrolls labelled SIUWOL WATUU.
  6193 | D:6      | 6193 ||| DROPPING scroll of blinking.
  6484 | D:7      | 6484 ||| Stepping ~*~*~tactically~*~*~ (stealth).
  6485 | D:7      | 6485 ||| Stepping ~*~*~tactically~*~*~ (stealth).
  6498 | D:7      | Reached XP level 9. HP: 73/74 MP: 8/8
  7034 | D:7      | 7034 ||| Stepping ~*~*~tactically~*~*~ (hiding).
  7043 | D:7      | Reached skill level 12 in Axes
  7562 | D:7      | 7562 ||| DRINKING 2 sedimented sapphire potions.
  7608 | D:7      | 7608 ||| DROPPING potion of lignification.
  7646 | D:8      | 7646 ||| Stepping ~*~*~tactically~*~*~ (stealth).
  7646 | D:8      | Noticed a two-headed ogre
  7654 | D:8      | Killed a two-headed ogre
  7692 | D:8      | 7692 ||| Stepping ~*~*~tactically~*~*~ (stealth).
  7693 | D:8      | 7693 ||| Stepping ~*~*~tactically~*~*~ (stealth).
  7700 | D:8      | 7700 ||| STAIRDANCE
  7707 | D:8      | 7707 ||| STAIRDANCE
  7769 | D:8      | 7769 ||| Stepping ~*~*~tactically~*~*~ (cloud).
  7770 | D:8      | 7770 ||| Stepping ~*~*~tactically~*~*~ (cloud).
  7772 | D:8      | 7772 ||| Stepping randomly (cloudy).
  7825 | D:8      | 7825 ||| Stepping ~*~*~tactically~*~*~ (hiding).
  7826 | D:8      | 7826 ||| Stepping ~*~*~tactically~*~*~ (hiding).
  7838 | D:8      | Found a shimmering altar of Xom.
  7840 | D:8      | Found a shimmering blue altar of Sif Muna.
  7887 | D:8      | Found an ornate altar of the Wu Jian Council.
  8147 | D:8      | Reached skill level 13 in Axes
  8603 | D:8      | 8603 ||| UPGRADING to ring of resist corrosion.
  8604 | D:8      | 8604 ||| UPGRADING to ring of protection from fire.
  8605 | D:8      | 8605 ||| READING scroll labelled BASCHI DI POATO.
  8638 | D:9      | 8638 ||| STAIRDANCE
  8644 | D:8      | Reached XP level 10. HP: 73/88 MP: 9/9
  8733 | D:9      | 8733 ||| Stepping ~*~*~tactically~*~*~ (hiding).
  8857 | D:9      | Found a sacrificial altar of Ru.
  8863 | D:9      | Became a worshipper of Ru the Awakened
  9115 | D:9      | Reached skill level 14 in Axes
  9544 | D:9      | 9544 ||| Stepping ~*~*~tactically~*~*~ (stealth).
  9546 | D:9      | 9546 ||| Stepping ~*~*~tactically~*~*~ (stealth).
  9549 | D:9      | 9549 ||| Stepping ~*~*~tactically~*~*~ (stealth).
  9565 | D:9      | Reached skill level 15 in Axes
  9571 | D:9      | Reached skill level 9 in Fighting
  9575 | D:9      | Reached skill level 3 in Dodging
  9817 | D:9      | 9817 ||| DRINKING 2 fuming clear potions.
  9817 | D:9      | Gained mutation: You are agile. (Dex +4, Str/Int -1)
                  | [potion of mutation]
  9817 | D:9      | Gained mutation: You passively dampen the noise of your
                  | surroundings. [potion of mutation]
  9817 | D:9      | Gained mutation: Your magical capacity is low. (-10% MP)
                  | [potion of mutation]
  9818 | D:9      | 9818 ||| READING 3 scrolls of identify.
  9818 | D:9      | 9818 ||| IDENTIFYING smoky orange potion
  9819 | D:9      | 9819 ||| READING 2 scrolls of identify.
  9819 | D:9      | 9819 ||| IDENTIFYING bubbling dark potion
  9820 | D:9      | 9820 ||| DROPPING potion of berserk rage.
  9844 | D:10     | Entered Level 10 of the Dungeon
  9844 | D:10     | Noticed Sonja
  9846 | D:10     | 9846 ||| STAIRDANCE
  9929 | D:10     | 9929 ||| STAIRDANCE
  9935 | D:9      | Reached XP level 11. HP: 87/97 MP: 8/8
  9937 | D:9      | Reached skill level 9 in Armour
  9992 | D:10     | 9992 ||| STAIRDANCE
  9992 | D:10     | HP: 21/97 [poisoned by Sonja]
  9993 | D:9      | HP: 10/97 [poisoned by Sonja]
  9994 | D:9      | 9994 ||| READING 4 scrolls of teleportation.
  9994 | D:9      | HP: 1/97 [wraith (4)]
  9994 | D:9      | Slain by a wraith

Levels and vault maps discovered:
D:1:      doesnt_arrival_eight_statues, layout_basic, minmay_close_crescents
D:2:      layout_rooms, basic_altar
D:3:      minmay_skewed_foursquare, layout_loops_ring, portal_sewer_entry_b,
          kennysheep_cross_room, uniq_jessica, uniq_terence
D:4:      layout_basic, saegor_snake_ambush
D:5:      layout_loops_ring, temple_statues, kennysheep_nub,
          minmay_misc_feat_plants, nicolae_wormholes, uniq_menkaure
D:6:      layout_rooms
D:7:      layout_layer_cave
D:8:      layout_basic, nzn_wu_jian_contemplation, jmf_multi_god_temple
D:9:      layout_basic, nicolae_ru_the_path_less_chosen
D:10:     layout_rooms, lair_entry_dummy, uniq_sonja
Temple:   dpeg_five_rooms_temple

Skill      XL: |  1  2  3  4  5  6  7  8  9 10 11 |
---------------+----------------------------------+-----
Axes           | 3 4 5 6 7 8 10 11 13 15 | 15.5
Dodging        | 1 2 3 |  3.4
Fighting       | 4 5 6 7 9 |  9.1
Throwing       | 2 |  2.0
Armour         | 4 6 8 9 |  9.0
Shields        | 4 5 |  5.3

Action                   |  1- 3 |  4- 6 |  7- 9 | 10-12 || total
-------------------------+-------+-------+-------+-------++-------
Melee: War axe           |    82 |    99 |   189 |   109 ||   479
       Headbutt          |     6 |    10 |    25 |    17 ||    58
Throw: Boomerang         |       |    19 |    32 |       ||    51
  Use: Scroll            |     7 |     3 |     7 |     3 ||    20
       Potion            |     1 |     1 |     3 |     1 ||     6
Armor: Scale mail        |    38 |    24 |       |       ||    62
       Chain mail        |       |    12 |    18 |       ||    30
       Plate armour      |       |       |    88 |   102 ||   190
Dodge: Dodged            |    28 |    31 |    40 |    47 ||   146
Block: Buckler           |    16 |    11 |    27 |    32 ||    86

Table legend:
 A = Non-vault XP
 B = Vault XP
 C = Vault XP percentage of total XP
 D = Non-vault monster count
 E = Vault monster count
 F = Vault count percentage of total count
                 A         B        C        D         E       F
            +---------+---------+-------+---------+---------+-------
      Total |   11111 |     572 |   4.9 |     191 |      31 |  14.0
            +---------+---------+-------+---------+---------+-------
        D:1 |      46 |       8 |  14.8 |      26 |       4 |  13.3
        D:2 |      78 |       0 |   0.0 |      21 |       0 |   0.0
        D:3 |      61 |     110 |  64.3 |      13 |      15 |  53.6
        D:4 |     505 |       3 |   0.6 |      19 |       2 |   9.5
        D:5 |     609 |     202 |  24.9 |      15 |       7 |  31.8
        D:6 |     773 |       5 |   0.6 |      16 |       1 |   5.9
        D:7 |     967 |       0 |   0.0 |      21 |       0 |   0.0
        D:8 |    1935 |     244 |  11.2 |      18 |       2 |  10.0
        D:9 |    5928 |       0 |   0.0 |      41 |       0 |   0.0
       D:10 |     209 |       0 |   0.0 |       1 |       0 |   0.0
            +---------+---------+-------+---------+---------+-------
